 Dungeon Crawl Stone Soup version 0.21.0-3-g78d12a8bdd (webtiles) character file.

142 Niezadowolencja the Sneak (level 5, 0/61 HPs)
             Began as a Formicid Enchanter on Jan 8, 2018.
             Succumbed to a worker ant's poison
             ... on level 7 of the Dungeon.
             The game lasted 00:11:27 (3706 turns).

Niezadowolencja the Sneak (Formicid Enchanter)      Turns: 3706, Time: 00:11:28

Health: 0/61       AC: 22    Str: 10 (13) XL:     5   Next: 50%
Magic:  0/8        EV:  2    Int: 13 (15) God:
Gold:   77         SH:  0    Dex: 15 (16) Spells: 4/8 levels left

rFire    . . .     SeeInvis .   a - +1 dagger
rCold    . . .     Gourm    .   (no shield)
rNeg     + + +     Faith    .   (armour currently unavailable)
rPois    +         Spirit   +   (helmet unavailable)
rElec    .         Reflect  .   (cloak currently unavailable)
rCorr    .         Harm     .   (gloves currently unavailable)
MR       .....                  (boots currently unavailable)
Stlth    ++++......             m - amulet of guardian spirit
HPRegen  0.20/turn              o - ring of poison resistance
MPRegen  0.11/turn              (no ring)

@: agile, lethally poisoned (0 -> -4), tree-form
A: permanent stasis, dig shafts and tunnels, four strong arms
a: no special abilities


You were on level 7 of the Dungeon.
You were very hungry.
You were a tree.
You visited 1 branch of the dungeon, and saw 6 of its levels.

You collected 77 gold pieces.

Inventory:

Hand Weapons
 a - a +1 dagger (weapon)
 w - a +0 falchion
Armour
 b - a +0 robe
 p - a +0 ring mail (melded)
 s - a +0 buckler
Jewellery
 m - an amulet of guardian spirit (around neck)
 o - a ring of poison resistance (left branch)
 r - an uncursed ring of poison resistance
 x - an uncursed ring of resist corrosion {unknown}
 y - an uncursed ring of fire {unknown}
Wands
 j - a wand of enslavement (8)
 t - a wand of paralysis (13)
 A - a wand of iceblast (7)
Scrolls
 g - a scroll of immolation
 h - 2 scrolls of blinking
 i - 2 scrolls of remove curse
 k - a scroll of fear
 l - 3 scrolls of teleportation
 v - a scroll of amnesia
Books
 c - a book of Maledictions

   Spells                             Type                      Level
   a - Corona                         Hexes                        1
   b - Ensorcelled Hibernation        Hexes/Ice                    2
   c - Confuse                        Hexes                        3
   d - Tukima's Dance                 Hexes                        3
   e - Dazzling Spray                 Conjuration/Hexes            3
Comestibles
 d - 7 rations


   Skills:
 * Level 3.4 Fighting
 - Level 1.0 Short Blades
 * Level 1.4 Armour
 * Level 2.2 Dodging
 * Level 4.2 Stealth
 * Level 1.5 Shields
 - Level 2.1 Spellcasting
 - Level 4.0 Hexes


You had 4 spell levels left.
You knew the following spells:

 Your Spells              Type           Power        Failure   Level  Hunger
a - Corona                Hex            ##.....      4%          1    ##.....
b - Confuse               Hex            ##......     14%         3    ####...


Dungeon Overview and Level Annotations

Branches:
Dungeon (7/15)
 Temple: D:4-7

Altars:
Gozag
The Shining One

Annotations:
D:2 Natasha
D:4 rickard9's ghost, amateur HuGl


Innate Abilities, Weirdness & Mutations

You cannot be hasted, slowed, berserked, paralysed or teleported.
You can dig through walls and to a lower floor.
Your four strong arms can wield two-handed weapons with a shield.
((You have a pair of large antennae on your head. (SInv)))


Message History

You feel sick.
You turn into a tree.
Your +0 ring mail melds into your body.
Your roots penetrate the ground.
You feel sick.
It was a potion of agility.
You feel agile all of a sudden.
You feel sick.
It was a potion of flight.
Your roots keep you in place.
It was a potion of degeneration.
There was something very wrong with that liquid.
You feel weakened.
You feel dopey.
You feel clumsy.
You feel sick.
You feel your power drawn to a protective spirit.
m - an amulet of guardian spirit (around neck)
o - a ring of poison resistance (left branch)
You die...

#.##.... .$
#.#......{$....
##.##.#.... .....[.
#.$........ .._....
.......... ......
..$..(...# ..... #
o........###..##...
..$......†♣........
.......<###........
..$.....# ####.....
......a.# ....
......... ..
#..##.... #. ###+##
#


There were no monsters in sight!

Vanquished Creatures
  A worker ant (D:7)
  A hound skeleton (D:4)
  3 adders
  A shadow imp (D:4)
  2 oozes (D:1)
  2 dart slugs
  2 leopard geckos
  5 orcs
  A ball python (D:1)
  5 bats
  A giant cockroach (D:4)
  5 goblins
  7 hobgoblins
  2 quokkas (D:3)
  6 frilled lizards
  7 kobolds
  5 rats
56 creatures vanquished.

Notes
Turn   | Place    | Note
-------+----------+-------------------------------------------
     0 | D:1      | Niezadowolencja the Formicid Enchanter began the quest for the Orb.
     0 | D:1      | Reached XP level 1. HP: 13/13 MP: 3/3
   205 | D:1      | Reached skill level 1 in Fighting
   398 | D:1      | Reached XP level 2. HP: 9/22 MP: 1/5
  1329 | D:1      | Reached XP level 3. HP: 27/28 MP: 3/6
  1334 | D:1      | Learned a level 3 spell: Confuse
  1641 | D:2      | Noticed Natasha
  2515 | D:3      | Reached XP level 4. HP: 33/35 MP: 7/7
  3251 | D:4      | Reached skill level 1 in Armour
  3300 | D:4      | Reached skill level 1 in Shields
  3339 | D:4      | Reached XP level 5. HP: 40/41 MP: 6/8
  3387 | D:4      | Found a glowing golden altar of the Shining One.
  3432 | D:4      | Noticed rickard9's ghost (amateur HuGl)
  3449 | D:4      | Noticed an ogre
  3657 | D:4      | You fall through a shaft for 2 floors!
  3678 | D:7      | Found the -2 hat of the Alchemist {rElec rPois rF+ rC+ rN+ MR+ rMut rCorr}
  3678 | D:7      | Found an opulent altar of Gozag.
  3700 | D:7      | HP: 2/41 [poisoned by a worker ant]
  3706 | D:7      | Succumbed to a worker ant's poison

Skill      XL: |  1  2  3  4 |
---------------+-------------+-----
Fighting       | 1 2 3 |  3.4
Dodging        | 2 |  2.2
Stealth        | 4 |  4.2
Armour         | 1 |  1.4
Hexes          | 4 |  4.0
Shields        | 1 |  1.5
Short Blades   | |  1.0
Spellcasting   | |  2.1

Action                   |  1- 3 |  4- 6 || total
-------------------------+-------+-------++-------
Melee: Dagger            |   171 |   135 ||   306
 Cast: Corona            |    28 |    19 ||    47
       Confuse           |     2 |    10 ||    12
 Abil: Dig               |       |     7 ||     7
Evoke: Wand              |       |     2 ||     2
  Use: Scroll            |       |     7 ||     7
       Potion            |       |     4 ||     4
 Stab: Sleeping          |     4 |     3 ||     7
       Confused          |     1 |     3 ||     4
       Paralysed         |       |     1 ||     1
  Eat: Chunk             |     6 |     5 ||    11
Armor: Robe              |    24 |       ||    24
       Ring mail         |    23 |    49 ||    72
Dodge: Dodged            |    90 |    83 ||   173
